AoeStats
← Malik Bhai

Arena

509791679Analyzed
1v1 RM · 4d ago on Sep 28, 2026· 50m 41s· 2 players
Game mode
Random Map
Map size
Tiny (2 player)
Population
200
Speed
Normal
Resources
Standard
Victory
Conquest
Starting age
Dark Age
Ending age
Imperial Age
RankedLock teamsTeams togetherTeam positionsShared explorationLock speedFull tech treeHidden civsTurbo modeCheats
Victory
Defeat
🇲🇽 Inca · Mexico
1718
+14
🇵🇰 Bohemians · Pakistan
1671
-14
Malik Bhai
9:20 Feudal Age
9:42 Loom
10:24 Double-Bit Axe
10:53 Fletching
11:21 Horse Collar
21:54 Castle Age
26:35 Imperial Age
24:42 Clinker Construction
25:39 Chemistry
24:49 Padded Archer Armor
32:38 Leather Archer Armor
38:50 Ring Archer Armor
37:50 Elite Skirmisher
39:49 Ballistics
39:39 Clinker Construction
44:58 Bodkin Arrow
45:45 Bracer
MIKE AoE
8:28 Feudal Age
8:55 Double-Bit Axe
9:56 Loom
11:23 Fletching
21:51 Castle Age
21:49 Gold Mining
21:44 Horse Collar
22:57 Champi Runner
25:57 Champi Warrior
31:04 Gold Shaft Mining
30:33 Heavy Plow
31:25 Bow Saw
31:09 Town Watch
35:14 Imperial Age
33:32 Wheelbarrow
33:31 Ballistics
33:38 Bodkin Arrow
33:18 Crossbowman
35:14 Padded Archer Armor
36:10 Bracer
37:41 Leather Archer Armor
39:29 Chemistry
39:37 Thumb Ring
39:38 Arbalester
41:49 Ring Archer Armor
41:11 Elite Skirmisher
43:00 Conscription
43:56 Scale Mail Armor
43:58 Squires
45:13 Chain Mail Armor
46:45 Hand Cart
46:22 Elite Champi Warrior
47:51 Plate Mail Armor
47:33 Forging
51:45 Iron Casting
Connection lost

Rejoining the realm…

Still unreachable

The connection could not be restored.

Session expired

The server has moved on; the page needs a fresh start.